EL
NORTHWEST ARKANSAS NATURALS @ MONTGOMERY BISCUITS
09/24/2049
 
TOP OF THE 1ST
Northwest Arkansas Naturals batting - Pitching for Montgomery Biscuits : RHP Angelo Mora
Pitching: RHP Angelo Mora
Batting: RHB Chad Sullivan 0-0: Ball
1-0: Bunt for hit to 2L - play at first, batter safe!
Batting: RHB Edwin Ramos 0-0: Grounds into double play, 5-4-3 (Groundball, 56, EV 109.4 MPH)
Batting: RHB Phil Hamby 0-0: Foul Ball, location: 2F
0-1: Foul Ball, location: 2F
0-2: Ball
1-2: Fly out, F4 (Popup, 34S, EV 83.1 MPH)
Top of the 1st over - 0 runs, 1 hit, 0 errors, 0 left on base; Northwest Arkansas 0 - Montgomery 0
BOTTOM OF THE 1ST
Montgomery Biscuits batting - Pitching for Northwest Arkansas Naturals : RHP Phil Kellum
Pitching: RHP Phil Kellum
Batting: RHB Adam Turpin 0-0: Ball
1-0: Ball
2-0: Called Strike
2-1: Ball
3-1: Swinging Strike
3-2: Foul Ball, location: 2F
3-2: Base on Balls
Batting: LHB Mario Ocana 0-0: Ball
Adam Turpin steals 2nd base
1-0: Ball
2-0: Called Strike
2-1: Ball
3-1: Called Strike
3-2: Foul Ball, location: 2F
3-2: Foul Ball, location: 2F
3-2: Base on Balls
Batting: SHB Wayne Hattan 0-0: Ball
1-0: Called Strike
1-1: Ball
2-1: Swinging Strike
2-2: Ball
3-2: Foul Ball, location: 2F
3-2: Fly out, F4 (Popup, 34S, EV 75.6 MPH)
Batting: RHB Jason Penfield 0-0: Ball
1-0: Grounds into double play, 6-4-3 (Groundball, 6, EV 93.1 MPH)
Bottom of the 1st over - 0 runs, 0 hits, 0 errors, 1 left on base; Northwest Arkansas 0 - Montgomery 0
TOP OF THE 2ND
Northwest Arkansas Naturals batting - Pitching for Montgomery Biscuits : RHP Angelo Mora
Batting: RHB Nick Julien 0-0: Ball
1-0: Ball
2-0: Called Strike
2-1: Ground out 6-3 (Groundball, 6, EV 106.2 MPH)
Batting: RHB Carlos Almada 0-0: Called Strike
0-1: Ball
1-1: Ball
2-1: Swinging Strike
2-2: Ball
3-2: Fly out, F4 (Line Drive, 4, EV 69.4 MPH)
Batting: RHB Jon Griffin 0-0: Ground out 5-3 (Groundball, 56D, EV 84.4 MPH)
Top of the 2nd over - 0 runs, 0 hits, 0 errors, 0 left on base; Northwest Arkansas 0 - Montgomery 0
BOTTOM OF THE 2ND
Montgomery Biscuits batting - Pitching for Northwest Arkansas Naturals : RHP Phil Kellum
Batting: RHB Alex Zamora 0-0: Ball
1-0: Called Strike
1-1: Ball
2-1: Ball
3-1: Called Strike
3-2: DOUBLE (Line Drive, 89D, EV 103.1 MPH) - OUT at third base trying to stretch hit.
Batting: RHB Dan Marks 0-0: Ball
1-0: Called Strike
1-1: Swinging Strike
1-2: Ground out 5-3 (Groundball, 56, EV 103.1 MPH)
Batting: RHB John Downing 0-0: Ground out 3-1 (Groundball, 34, EV 78.8 MPH)
Bottom of the 2nd over - 0 runs, 1 hit, 0 errors, 0 left on base; Northwest Arkansas 0 - Montgomery 0
TOP OF THE 3RD
Northwest Arkansas Naturals batting - Pitching for Montgomery Biscuits : RHP Angelo Mora
Batting: RHB Nate De Jongh 0-0: Ground out 4-3 (Groundball, 4, EV 96.9 MPH)
Batting: SHB Danny Ballenger 0-0: Ball
1-0: Ground out U3 (Groundball, 23, EV 86.2 MPH)
Batting: RHB Kevin Allen 0-0: Swinging Strike
0-1: Ball
1-1: Foul Ball, location: 2F
1-2: Ball
2-2: Ground out 4-3 (Groundball, 4M, EV 103.8 MPH)
Top of the 3rd over - 0 runs, 0 hits, 0 errors, 0 left on base; Northwest Arkansas 0 - Montgomery 0
BOTTOM OF THE 3RD
Montgomery Biscuits batting - Pitching for Northwest Arkansas Naturals : RHP Phil Kellum
Batting: LHB Rich Matthews 0-0: Swinging Strike
0-1: Ball
1-1: Fly out, F8 (Line Drive, 8LD, EV 93.1 MPH)
Batting: RHB Khalil Walker 0-0: Ball
1-0: Foul Ball, location: 2F
1-1: Called Strike
1-2: Strikes out looking
Batting: RHB Adam Turpin 0-0: Ball
1-0: Called Strike
1-1: Foul Ball, location: 2F
1-2: Ball
2-2: Foul Ball, location: 2F
2-2: Strikes out swinging
Bottom of the 3rd over - 0 runs, 0 hits, 0 errors, 0 left on base; Northwest Arkansas 0 - Montgomery 0
TOP OF THE 4TH
Northwest Arkansas Naturals batting - Pitching for Montgomery Biscuits : RHP Angelo Mora
Batting: RHB Chad Sullivan 0-0: Bunt for hit to 5S - play at first, batter OUT! 5-3
Batting: RHB Edwin Ramos 0-0: Called Strike
0-1: Foul Ball, location: 2F
0-2: Ball
1-2: Ball
2-2: Ground out 5-3 (Groundball, 56S, EV 85.0 MPH)
Batting: RHB Phil Hamby 0-0: Ball
1-0: Ball
2-0: Ball
3-0: Called Strike
3-1: Swinging Strike
3-2: Fly out, F3 (Popup, 3SF, EV 76.9 MPH)
Top of the 4th over - 0 runs, 0 hits, 0 errors, 0 left on base; Northwest Arkansas 0 - Montgomery 0
BOTTOM OF THE 4TH
Montgomery Biscuits batting - Pitching for Northwest Arkansas Naturals : RHP Phil Kellum
Batting: LHB Mario Ocana 0-0: Swinging Strike
0-1: Ball
1-1: Ball
2-1: Foul Ball, location: 2F
2-2: Foul Ball, location: 2F
2-2: Ball
3-2: Strikes out swinging
Batting: SHB Wayne Hattan 0-0: Ball
1-0: Called Strike
1-1: Ground out U3 (Groundball, 34, EV 101.9 MPH)
Batting: RHB Jason Penfield 0-0: Ball
1-0: Ball
2-0: Called Strike
2-1: Swinging Strike
2-2: Foul Ball, location: 2F
2-2: Strikes out swinging
Bottom of the 4th over - 0 runs, 0 hits, 0 errors, 0 left on base; Northwest Arkansas 0 - Montgomery 0
TOP OF THE 5TH
Northwest Arkansas Naturals batting - Pitching for Montgomery Biscuits : RHP Angelo Mora
Batting: RHB Nick Julien 0-0: Ball
1-0: Ball
2-0: SOLO HOME RUN (Flyball, 7LD, EV 93.8 MPH), Distance : 362 ft
Batting: RHB Carlos Almada 0-0: Ball
1-0: Swinging Strike
1-1: Foul Ball, location: 2F
1-2: Ball
2-2: Strikes out swinging
Batting: RHB Jon Griffin 0-0: Foul Ball, location: 2F
0-1: Ball
1-1: Ball
2-1: Ball
3-1: Called Strike
3-2: Strikes out swinging
Batting: RHB Nate De Jongh 0-0: Called Strike
0-1: Ball
1-1: DOUBLE (Flyball, 78D, EV 103.8 MPH)
Batting: SHB Danny Ballenger 0-0: Called Strike
0-1: Ground out 4-3 (Groundball, 4, EV 103.8 MPH)
Top of the 5th over - 1 run, 2 hits, 0 errors, 1 left on base; Northwest Arkansas 1 - Montgomery 0
BOTTOM OF THE 5TH
Montgomery Biscuits batting - Pitching for Northwest Arkansas Naturals : RHP Phil Kellum
Batting: RHB Alex Zamora 0-0: Ball
1-0: Ball
2-0: Called Strike
2-1: Fly out, F8 (Flyball, 8RM, EV 85.0 MPH)
Batting: RHB Dan Marks 0-0: Called Strike
0-1: Foul Ball, location: 2F
0-2: Ground out U3 (Groundball, 34, EV 101.2 MPH)
Batting: RHB John Downing 0-0: Ball
1-0: Called Strike
1-1: SOLO HOME RUN (Flyball, 7D, EV 100.0 MPH), Distance : 369 ft
Batting: LHB Rich Matthews 0-0: Ground out 6-3 (Groundball, 6, EV 86.2 MPH)
Bottom of the 5th over - 1 run, 1 hit, 0 errors, 0 left on base; Northwest Arkansas 1 - Montgomery 1
TOP OF THE 6TH
Northwest Arkansas Naturals batting - Pitching for Montgomery Biscuits : RHP Angelo Mora
Batting: RHB Kevin Allen 0-0: Ball
1-0: Ball
2-0: Called Strike
2-1: Ground out 6-3 (Groundball, 6M, EV 90.6 MPH)
Batting: RHB Chad Sullivan 0-0: TRIPLE (Flyball, 78XD, EV 106.2 MPH)
Batting: RHB Edwin Ramos 0-0: Ball
1-0: Fly out, F8 (Line Drive, 8RD, EV 95.6 MPH)
Runner from 3rd tags up, OUT at HOME! 8-2
Top of the 6th over - 0 runs, 1 hit, 0 errors, 0 left on base; Northwest Arkansas 1 - Montgomery 1
BOTTOM OF THE 6TH
Montgomery Biscuits batting - Pitching for Northwest Arkansas Naturals : RHP Phil Kellum
Batting: RHB Khalil Walker 0-0: Called Strike
0-1: Foul Ball, location: 2F
0-2: Ball
1-2: Ground out 1-3 (Groundball, 13S, EV 75.6 MPH)
Batting: RHB Adam Turpin 0-0: SINGLE (Line Drive, 9LS, EV 106.2 MPH)
Pitching: RHP Josh Rutledge
Batting: LHB Mario Ocana 0-0: Grounds into double play, 4-6-3 (Groundball, 4, EV 106.9 MPH)
Bottom of the 6th over - 0 runs, 1 hit, 0 errors, 0 left on base; Northwest Arkansas 1 - Montgomery 1
TOP OF THE 7TH
Northwest Arkansas Naturals batting - Pitching for Montgomery Biscuits : RHP Angelo Mora
Batting: RHB Phil Hamby 0-0: Ball
1-0: Called Strike
1-1: Foul Ball, location: 2F
1-2: Ball
2-2: SINGLE (Line Drive, 8LS, EV 96.9 MPH)
Batting: RHB Nick Julien 0-0: Swinging Strike
0-1: Fly out, F9 (Flyball, 89M, EV 97.5 MPH)
Batting: RHB Carlos Almada 0-0: Ball
1-0: Foul Ball, location: 2F
1-1: Called Strike
1-2: Foul Ball, location: 2F
1-2: Foul Ball, location: 2F
1-2: Foul Ball, location: 2F
1-2: Reached on error, E4 (Groundball, 4, EV 86.9 MPH)
Phil Hamby to second
Batting: RHB Jon Griffin 0-0: Foul Ball, location: 2F
0-1: Foul Ball, location: 2F
0-2: Foul Ball, location: 2F
0-2: DOUBLE (Line Drive, 89M, EV 93.8 MPH)
Phil Hamby scores
Carlos Almada to third
Pinch Runner at 2nd Joe Cozart:
Batting: RHB Nate De Jongh 0-0: Called Strike
0-1: Called Strike
0-2: Strikes out looking
Batting: SHB Danny Ballenger 0-0: Called Strike
0-1: Ball
1-1: Called Strike
1-2: SINGLE (Groundball, 34D, EV 105.0 MPH)
Carlos Almada scores
Joe Cozart to third
Runner from 3rd tries for Home, SAFE, throw by RF to home
Batting: RHB Kevin Allen 0-0: Called Strike
0-1: Called Strike
0-2: Foul Ball, location: 2F
0-2: Foul Ball, location: 2F
0-2: Ball
1-2: Fly out, F8 (Flyball, 8RD, EV 83.1 MPH)
Top of the 7th over - 3 runs, 3 hits, 1 error, 1 left on base; Northwest Arkansas 4 - Montgomery 1
BOTTOM OF THE 7TH
Montgomery Biscuits batting - Pitching for Northwest Arkansas Naturals : RHP Josh Rutledge
Now in LF: Mike Bearden
Now in CF: Chad Sullivan
Now in RF: Kevin Allen
Batting: SHB Wayne Hattan 0-0: DOUBLE (Line Drive, 7LM, EV 99.4 MPH)
Batting: RHB Jason Penfield 0-0: Ball
1-0: Ground out 3-1 (Groundball, 34, EV 83.1 MPH)
Wayne Hattan to third
Batting: RHB Alex Zamora 0-0: Foul Ball, location: 2F
0-1: Foul Ball, location: 2F
0-2: Ball
1-2: Fly out, F8 (Flyball, 8LM, EV 93.1 MPH)
Batting: RHB Dan Marks 0-0: Ball
1-0: Swinging Strike
1-1: Ball
2-1: SINGLE (Line Drive, 9S, EV 88.8 MPH)
Wayne Hattan scores
Batting: RHB John Downing 0-0: Ball
1-0: Called Strike
1-1: Ball
2-1: Ball
3-1: Foul Ball, location: 2F
3-2: Strikes out looking
Bottom of the 7th over - 1 run, 2 hits, 0 errors, 1 left on base; Northwest Arkansas 4 - Montgomery 2
TOP OF THE 8TH
Northwest Arkansas Naturals batting - Pitching for Montgomery Biscuits : RHP Angelo Mora
Batting: RHB Chad Sullivan 0-0: Ball
1-0: Foul Ball, location: 2F
1-1: Called Strike
1-2: Ball
2-2: DOUBLE (Line Drive, 7LS, EV 104.4 MPH)
Batting: RHB Edwin Ramos 0-0: Called Strike
0-1: Ball
1-1: Ball
2-1: Ground out 6-3 (Groundball, 6, EV 81.2 MPH)
Chad Sullivan to third
Batting: RHB Phil Hamby 0-0: SINGLE (Line Drive, 4D, EV 95.0 MPH)
Chad Sullivan scores
Pitching: RHP Jesse Rosa
Batting: RHB Nick Julien 0-0: Ball
1-0: Ball
2-0: Ball
3-0: Called Strike
3-1: Swinging Strike
3-2: Foul Ball, location: 2F
3-2: Strikes out swinging
Batting: RHB Carlos Almada 0-0: Called Strike
0-1: Ball
1-1: Fly out, F4 (Flyball, 4MD, EV 80.6 MPH)
Top of the 8th over - 1 run, 2 hits, 0 errors, 1 left on base; Northwest Arkansas 5 - Montgomery 2
BOTTOM OF THE 8TH
Montgomery Biscuits batting - Pitching for Northwest Arkansas Naturals : RHP Josh Rutledge
Pitching: RHP John Barnett
Batting: LHB Rich Matthews 0-0: Ball
1-0: SINGLE (Flyball, 4D, EV 88.8 MPH)
Batting: RHB Khalil Walker 0-0: Swinging Strike
0-1: Fly out, F3 (Popup, 34S, EV 73.1 MPH)
Batting: RHB Adam Turpin 0-0: Fielders Choice at 2nd, 6-4 (Groundball, 6, EV 84.4 MPH)
Batting: LHB Mario Ocana 0-0: Ball
1-0: Called Strike
1-1: Called Strike
1-2: Strikes out looking
Bottom of the 8th over - 0 runs, 1 hit, 0 errors, 1 left on base; Northwest Arkansas 5 - Montgomery 2
TOP OF THE 9TH
Northwest Arkansas Naturals batting - Pitching for Montgomery Biscuits : RHP Jesse Rosa
Batting: RHB Mike Bearden 0-0: Ball
1-0: Fly out, F8 (Flyball, 8RD, EV 88.1 MPH)
Batting: RHB Nate De Jongh 0-0: Ball
1-0: Called Strike
1-1: Ball
2-1: Foul Ball, location: 2F
2-2: Strikes out swinging
Batting: SHB Danny Ballenger 0-0: Swinging Strike
0-1: Ground out 5-3 (Groundball, 5, EV 91.9 MPH)
Top of the 9th over - 0 runs, 0 hits, 0 errors, 0 left on base; Northwest Arkansas 5 - Montgomery 2
BOTTOM OF THE 9TH
Montgomery Biscuits batting - Pitching for Northwest Arkansas Naturals : RHP John Barnett
Pitching: RHP Malachi Shelton
Batting: SHB Wayne Hattan 0-0: Foul Ball, location: 2F
0-1: Ground out U3 (Groundball, 3, EV 80.6 MPH)
Batting: RHB Jason Penfield 0-0: Ball
1-0: Called Strike
1-1: Ball
2-1: Ball
3-1: Foul Ball, location: 2F
3-2: Foul Ball, location: 2F
3-2: SINGLE (Groundball, 6MD, EV 104.4 MPH)
Batting: RHB Alex Zamora 0-0: Ball
1-0: Ball
2-0: Called Strike
2-1: Foul Ball, location: 2F
2-2: Ball
3-2: SINGLE (Groundball, 6D, EV 99.4 MPH)
Jason Penfield to second
Batting: RHB Dan Marks 0-0: Foul Ball, location: 2F
0-1: DOUBLE (Line Drive, 5D, EV 111.2 MPH)
Jason Penfield scores
Alex Zamora to third
Batting: RHB John Downing 0-0: SINGLE (Line Drive, 7LS, EV 93.1 MPH)
Alex Zamora scores
Dan Marks to third
Batting: LHB Rich Matthews 0-0: Ground out 5-3 (Groundball, 56, EV 88.8 MPH)
John Downing to second
Batting: RHB Khalil Walker 0-0: Ball
1-0: Called Strike
1-1: Ground out 6-3 (Groundball, 6, EV 90.0 MPH)
Bottom of the 9th over - 2 runs, 4 hits, 0 errors, 2 left on base; Northwest Arkansas 5 - Montgomery 4
Sunday, July 16th , 2023 - OOTP Baseball 24.6 Build 69